Unix NetHack Version 5.0.0-0 post-release - last build May  4 2026 22:22:43 (774f63e81ad911689b3a0859ea89b322d5daca8d,branch:main).

Game began 2026-05-06 01:07:32, ended 2026-05-07 23:08:44.

Eesui, chaotic male human Rogue

                                               -----          -------
                                               |...|          |.....|
                                              --...-------    |.(.[.|
                                              |..........|    |^.<).---
                                              |^..---.[..---  ---......
                                              |...| |...%..|    |....--
                             ......|        ----(-------|---------|---
                            ...%).)|       |.?.=(..|.............|^.|
                           ...%....|      --..(%.%)----|---.---|--..|
                          ...%%%%%5-?--   |.j|.......|....|..|......|
                          ...%%)..1%2g|   |&&||.....------|..--------
                          ....%.0[1--T----|@T|...|..|     |...
                          ....%% %.|.%L*..&&H......(|     ----
                          ....%%.---------|..&.D.----
                           ...^%.|        --D|...|
                            .-----         |..%((|
                                           -------

Eesui the Robber        St:25 Dx:17 Co:18 In:12 Wi:18 Ch:8  Chaotic
Dlvl:45 $:0 HP:0(291) Pw:57(57) AC:-18 Xp:15/273373 TermIll Burdened Stun T:49646

Latest messages:
 Yeenoghu swings his flail.
 Yeenoghu hits!
 Yeenoghu swings his flail.
 Yeenoghu hits again!
 Yeenoghu hits!
 Yeenoghu points at you, then curses.
 What do you want to use or apply? [abdfi-kptw-yABJT or ?*]
 Never mind.
 What do you want to use or apply? [abdfi-kptw-yABJT or ?*]
 You feel less confused now.
 The marilith misses!
 The marilith misses!
 The marilith hits!
 The marilith misses!
 The marilith misses!
 The marilith misses!
 "Look!  Thy bootlace is undone!"
 A marilith appears in a cloud of smoke!
 The marilith wields 3 daggers!
 The marilith thrusts one of her daggers.
 The marilith hits!
 The marilith hits!
 The marilith hits again!
 The marilith hits again!
 The marilith hits again!
 Demogorgon points all around, then curses.
 Demogorgon stings!
 Demogorgon hits!
 You feel even worse.
 Demogorgon hits!
 Yeenoghu swings his flail.
 Yeenoghu hits!
 Yeenoghu swings his flail.
 Yeenoghu hits again!
 Yeenoghu hits!
 Yeenoghu points at you, then curses.
 The fire giant swings his long sword.
 The fire giant misses!
 The Olog-hai hits!
 The Olog-hai hits!
 The Olog-hai bites!
 Yeenoghu swings his flail.
 Yeenoghu hits!
 Yeenoghu swings his flail.
 Yeenoghu hits again!
 Yeenoghu hits!
 Yeenoghu points at you, then curses.
 You die from your illness.
 Do you want your possessions identified? [ynq] (y)
 Do you want to see your attributes? [ynq] (y)

Inventory:
 Amulets  ('"')
  K - an uncursed amulet of guarding (being worn)
 Weapons  (')')
  P - 10 +5 daggers (at the ready)
  L - a blessed +0 silver saber (wielded in left hand)
  r - the blessed rustproof +1 Stormbringer (wielded in right hand)
 Armor    ('[')
  I - a blessed greased rustproof +0 helm of telepathy (being worn)
  E - a blessed rustproof +1 pair of gauntlets of power (being worn)
  F - a blessed burnt +4 pair of speed boots (being worn)
  G - a cursed greased fireproof +0 cloak of magic resistance (being worn)
  S - an uncursed +0 Hawaiian shirt with a sea turtle motif (being worn)
  v - an uncursed +0 silver dragon scale mail (being worn)
 Comestibles  ('%')
  U - an uncursed sprig of wolfsbane
  O - an uncursed lizard corpse
 Scrolls  ('?')
  n - an uncursed scroll of teleportation
  o - an uncursed scroll of teleportation
 Spellbooks  ('+')
  k - the uncursed Book of the Dead
 Potions  ('!')
  l - a blessed potion of full healing
 Rings    ('=')
  R - an uncursed ring of conflict
  C - an uncursed ring of free action (on left hand)
  h - a cursed ring of levitation
  M - an uncursed ring of regeneration (on right hand)
  Q - an uncursed ring of slow digestion
 Wands    ('/')
  t - a wand of cancellation (0:2)
  T - a wand of death (0:5)
  p - a wand of digging (0:6)
  j - a wand of digging (0:4)
  w - a wand of fire (0:0)
  a - a wand of light (0:12)
  i - a wand of teleportation (0:1)
 Tools    ('(')
  f - a blessed bag of holding containing 92 items
  d - the Bell of Opening (0:2)
  x - an uncursed blindfold
  A - the uncursed Candelabrum of Invocation (7 of 7 candles, lit)
  B - an expensive camera (0:37)
  y - an uncursed magic lamp (lit)
  b - the blessed Master Key of Thievery
  J - a +0 unicorn horn
 Gems/Stones  ('*')
  m - a blessed luckstone

Contents of the bag of holding:
  510 gold pieces
  an uncursed amulet of life saving
  an uncursed amulet of life saving
  15 +5 daggers
  an uncursed +0 pair of water walking boots
  an uncursed candy bar labeled "Crispy Yum Yum"
  an uncursed cram ration
  an uncursed cream pie
  3 uncursed food rations
  5 uncursed lumps of royal jelly
  an uncursed pancake
  an uncursed lizard corpse
  2 uncursed lizard corpses
  a cursed scroll of amnesia
  3 blessed scrolls of blank paper
  21 uncursed scrolls of blank paper
  9 cursed scrolls of blank paper
  an uncursed scroll of charging
  a cursed scroll of charging
  an uncursed scroll of create monster
  an uncursed scroll of fire
  an uncursed scroll of genocide
  an uncursed scroll of gold detection
  an uncursed scroll of identify
  2 uncursed scrolls of light
  5 uncursed scrolls of remove curse
  an uncursed scroll of stinking cloud
  a cursed scroll of stinking cloud
  2 uncursed scrolls of taming
  2 blessed scrolls of teleportation
  11 uncursed scrolls of teleportation
  an uncursed potion of confusion
  2 blessed potions of full healing
  an uncursed potion of gain level
  an uncursed potion of invisibility
  a cursed potion of invisibility
  a blessed potion of monster detection
  2 uncursed potions of oil
  a blessed potion of paralysis
  an uncursed potion of paralysis
  an uncursed potion of restore ability
  a cursed potion of sickness
  11 potions of holy water
  an uncursed potion of water
  4 potions of unholy water
  an uncursed ring of free action
  an uncursed ring of free action
  an uncursed ring of levitation
  an uncursed ring of regeneration
  an uncursed ring of teleport control
  a wand of cold (0:5)
  a wand of cold (0:4)
  a wand of cold (0:4)
  a wand of death (0:1)
  a wand of digging (0:8)
  a wand of digging (0:8)
  a wand of digging (0:8)
  a wand of digging (0:5)
  a wand of digging (0:5)
  a wand of digging (0:5)
  a wand of digging (0:4)
  a wand of digging (0:1)
  a wand of fire (0:5)
  a wand of fire (0:5)
  a wand of fire (0:3)
  a wand of lightning (0:6)
  a wand of lightning (0:5)
  a wand of lightning (0:4)
  a wand of lightning (0:0)
  a wand of sleep (0:6)
  a wand of slow monster (0:7)
  a wand of speed monster (0:3)
  a wand of striking (0:6)
  a wand of striking (0:6)
  a wand of striking (0:5)
  a wand of striking (0:3)
  a wand of striking (0:2)
  a wand of striking (0:2)
  a wand of striking (0:2)
  a wand of striking (0:0)
  a wand of teleportation (0:6)
  a wand of teleportation (0:4)
  a cursed wand of teleportation (0:0)
  a wand of wishing (0:1)
  a can of grease (0:1)
  a blessed figurine of a Nazgul
  a cursed lock pick
  a magic marker (1:35)
  an uncursed skeleton key
  4 uncursed tallow candles
  an uncursed jasper stone
  a blessed touchstone

Eesui the Rogue's attributes:

Background:
 You were a Robber, a level 15 male human Rogue.
 You were chaotic, on a mission for Kos
 who was opposed by Issek (lawful) and Mog (neutral).
 You were right-handed.
 You were in Gehennom, on level 45.
 You entered the dungeon 49646 turns ago.
 It was nighttime.
 You had 273373 experience points, 46627 more were needed to attain level 16.

Basics:
 You had 0 out of 291 hit points.
 You had all 57 energy points (spell power).
 Your armor class was -18.
 Your wallet was empty, but
 you had 510 zorkmids stashed away in your pack.
 Autopickup was on for '$?!/=+"' plus thrown.

Final Characteristics:
 Your strength was 25 (base:18, innate limit:18/100).
 Your dexterity was 17 (peak:18, limit:18).
 Your constitution was 18 (limit:18).
 Your intelligence was 12 (limit:18).
 Your wisdom was 18 (limit:18).
 Your charisma was 8 (limit:18).

Final Status:
 You died from terminal illness.
 You were stunned.
 You weren't hungry.
 You were burdened; movement was slightly slowed.
 You were wielding two weapons at once.
 You were skilled in broadsword and two weapons.
 You also were skilled in saber and two weapons.

Final Attributes:
 You were the Glory of Arioch.
 You were piously aligned.
 You were magic-protected.
 You were fire resistant.
 You were cold resistant.
 You were sleep resistant.
 You were disintegration resistant.
 You were shock resistant.
 You were poison resistant.
 You were level-drain resistant.
 You saw invisible.
 You were telepathic.
 You were warned.
 You had automatic searching.
 You were stealthy.
 You could teleport.
 You had teleport control.
 You regenerated.
 You had a large defense bonus (+11).
 You were protected.
 You took half physical damage.
 You were very fast.
 You had reflection.
 You had free action.
 You were extremely lucky.
 You had extra luck.
 Good luck did not time out for you.
 You are dead.

Miscellaneous:
 You encountered 2 bones levels.
 Total elapsed playing time was 10 hours, 35 minutes and 26 seconds.

Major events:
 Turn
    1: Eesui the chaotic male human Rogue entered the dungeon
  178: attained the rank of Cutpurse (level 3)
  656: entered the Gnomish Mines
 2110: became literate by naming Sting
 2739: attained the rank of Rogue (level 6)
 3997: reached Mine Town
13106: was bestowed with Trollsbane by Kos
13419: attained the rank of Pilferer (level 10)
13800: acquired the Mines' End luckstone
14359: was bestowed with Dragonbane by Kos
15114: entered Sokoban
15295: completed 1st Sokoban level
15459: completed 2nd Sokoban level
15697: completed 3rd Sokoban level
16217: completed 4th Sokoban level
16355: acquired the Sokoban amulet of reflection
17503: was bestowed with Orcrist by Kos
18875: entered the Bigroom
19613: entered Home 1, the Quest
22368: found Demonbane on the floor
27225: attained the rank of Robber (level 14)
29840: killed Croesus
31267: was chosen to steal souls for the Glory of Kos
31267: was bestowed with Stormbringer
33556: killed Medusa
34345: the Master of Thieves has granted access to proceed deeper into the quest
34533: entered Home 2, the Quest
34701: entered Home 3, the Quest
34822: entered Home 4, the Quest
34995: entered Home 5, the Quest
35136: entered Home 6, the Quest
36602: killed the Master Assassin
36602: found the Master Key of Thievery carried by a monster
36604: acquired the Bell of Opening
38343: was bestowed with Werebane by Kos
41410: entered Gehennom
43253: killed Asmodeus
44002: killed Juiblex
44427: bribed Baalzebub with 34 zorkmids for safe passage
45853: killed Orcus
47324: destroyed Vlad the Impaler
47326: acquired the Candelabrum of Invocation
49263: killed the Wizard of Yendor
49268: acquired the Book of the Dead
49313: performed the invocation
49320: killed the Wizard of Yendor (2nd time)
49646: poisoned by Demogorgon

Spells:
 Name                 Level Category     Fail Retention
 detect treasure        4   divination   100%    (gone)
 wizard lock            2   matter       100%    (gone)
 levitation             4   escape       100%    1%-25%

Skills:
 Fighting Skills
   bare handed combat [Unskilled]
   two weapon combat  [Skilled]
   riding             [Unskilled]
 Weapon Skills
   dagger             [Expert]
   knife              [Unskilled]
   short sword        [Basic]
   broadsword         [Skilled]
   long sword         [Unskilled]
   two-handed sword   [Unskilled]
   saber              [Skilled]
   club               [Unskilled]
   mace               [Unskilled]
   morning star       [Unskilled]
   flail              [Unskilled]
   hammer             [Unskilled]
   polearms           [Unskilled]
   spear              [Unskilled]
   crossbow           [Unskilled]
   dart               [Unskilled]
   shuriken           [Unskilled]
 Spellcasting Skills
   divination spells  [Unskilled]
   escape spells      [Unskilled]
   matter spells      [Unskilled]

Voluntary challenges:
 Character rerolling was not enabled.
 You never genocided any monsters.
 You never polymorphed an object.
 You never changed form.
 You used no wishes.
 You did not violate any of the special Sokoban rules.
Achievements:
 You attained the rank of Cutpurse.
 You entered a shop.
 You entered the Gnomish Mines.
 You attained the rank of Rogue.
 You entered Minetown.
 You entered a temple.
 You attained the rank of Pilferer.
 You completed the Gnomish Mines.
 You entered Sokoban.
 You completed Sokoban.
 You entered the Big Room.
 You attained the rank of Robber.
 You defeated Medusa.
 You had the Bell of Opening.
 You entered Gehennom.
 You had the Candelabrum of Invocation.
 You had the Book of the Dead.
 You gained access to Moloch's Sanctum.

 The Dungeons of Doom: levels 1 to 25
    Level 1:
       A fountain, a tree.
    Level 2:
       A tool shop, a sink.
       Stairs down to The Gnomish Mines.
    Level 3:
       An armor shop, a sink.
    Level 4:
       Some fountains.
    Level 5:
       An armor shop, a fountain.
    Level 6:
       A general store, some fountains.
    Level 7: "shock fire res crowned"
       An altar to Kos, a throne.
    Level 8:
       Some fountains, a grave.
       Oracle of Delphi.
       Final resting place for
          lorephus-Val-Dwa-Fem-Law, killed by an Uruk-hai.
    Level 9:
       A general store.
       Stairs up to Sokoban, level 8.
    Level 10:
       A grave.
    Level 11:
       A grave.
    Level 12:
       Many fountains.
       A very big room.
    Level 13:
    Level 14:
    Level 15:
       A sink.
       Portal to The Quest.
    Level 16: "vault"
       A food shop, a fountain.
       Portal to Fort Ludios.
    Level 17: "sleep res"
       A primitive area.
    Level 18:
       A fountain.
    Level 19: "dis res"
       Some altars to Kos, a sink.
    Level 20:
       A fountain, a grave.
    Level 21:
    Level 22:
       A fountain.
       Final resting place for
          pepperstink-Pri-Hum-Mal-Law, killed by an earth elemental.
    Level 23:
    Level 24:
    Level 25:
       A throne, a fountain.
       The castle.
       Connection to Gehennom.
 Gehennom: levels 26 to 45
    Level 26:
       A temple and an altar, many graves.
       Valley of the Dead.
    Level 27:
    Level 28:
    Level 29:
    Level 30:
    Level 31:
    Level 32:
       Some fountains.
    Level 33:
    Level 34:
    Level 35:
    Level 36:
       Some shops, an altar, many graves.
    Level 37:
    Level 38:
       Stairs up to Vlad's Tower, level 37.
    Level 39:
    Level 40: "TOWER PORTAL"
    Level 41:
    Level 42:
    Level 43:
    Level 44:
       Gateway to Moloch's Sanctum.
    Level 45: <- You were here.
       Many graves.
       Final resting place for
          you, poisoned by Demogorgon.
 The Gnomish Mines: levels 3 to 10
    Level 3:
    Level 4: "cold res"
    Level 5:
    Level 6:
       Many shops, a temple and an altar to Kos, some fountains.
    Level 7: "pois res"
    Level 8:
    Level 9:
    Level 10:
       A fountain.
 The Quest: levels 1 to 6
    Level 1:
       Completed quest for the Master of Thieves.
    Level 2:
    Level 3:
    Level 4:
    Level 5:
    Level 6:
 Sokoban: levels 8 up to 5
    Level 5:
       Solved.
    Level 6:
       Solved.
    Level 7:
       Solved.
    Level 8:
       Solved.
 Fort Ludios:
    Level 1:
       A throne.
 Vlad's Tower: levels 37 up to 35
    Level 35:
    Level 36:
    Level 37:


Vanquished creatures:
    Asmodeus
    Orcus
    Juiblex
the Wizard of Yendor (twice)
    Vlad the Impaler
  2 arch-liches
    Medusa
    Croesus
  4 krakens
  4 iron golems
  3 master liches
  3 storm giants
  2 titans
  2 glass golems
  4 balrogs
  3 purple worms
  2 gray dragons
  2 gold dragons
 13 silver dragons
  6 red dragons
  3 white dragons
 an orange dragon
  4 black dragons
  4 blue dragons
  a green dragon
  3 yellow dragons
 19 minotaurs
  4 jabberwocks
the Master Assassin
  2 baluchitheria
  2 demiliches
  6 stone golems
  2 master mind flayers
  8 Olog-hai
  4 Nazgul
  2 pit fiends
  4 sandestins
  4 hell hounds
  2 displacer beasts
  5 titanotheres
  a baby red dragon
  a baby blue dragon
 21 guardian nagas
  4 genetic engineers
 32 vampire leaders
  5 skeletons
  7 aligned clerics
  4 captains
  6 shades
 11 liches
  a clay golem
  a nurse
  6 ice devils
  3 nalfeshnees
  a lurker above
  2 Aleaxes
  4 ettins
  2 golden nagas
  5 black puddings
 24 vampires
 10 lieutenants
 45 ghosts
  3 queen bees
  5 winged gargoyles
  a mind flayer
  5 giant mimics
  2 long worms
 11 zruties
  9 fire giants
  3 ogre tyrants
  5 ice trolls
  3 rock trolls
  4 umber hulks
  6 flesh golems
 an elven monarch
  6 doppelgangers
 15 hezrous
  4 bone devils
  2 large mimics
  2 wumpuses
  3 fire vortices
  2 couatls
  7 stalkers
  8 air elementals
  6 fire elementals
  4 earth elementals
  3 water elementals
  3 hill giants
  2 giant mummies
  4 black nagas
 11 xorns
 13 giant zombies
  2 elf-nobles
 18 sergeants
  7 barbed devils
 11 vrocks
  5 salamanders
 14 wargs
  3 winter wolves
  6 hell hound pups
  9 small mimics
  3 glass piercers
  4 warhorses
  5 xans
  3 ettin mummies
 13 quantum mechanics
 10 trolls
  5 sasquatches
  5 wood golems
  7 mariliths
  4 sharks
  2 gelatinous cubes
  8 pyrolisks
  2 large dogs
  3 freezing spheres
  7 flaming spheres
  4 shocking spheres
  3 large cats
  3 tigers
  7 gargoyles
  2 dwarf rulers
  8 tengu
  2 ochre jellies
  2 leocrottas
  2 energy vortices
  3 mountain centaurs
  2 stone giants
  6 elf mummies
  5 human mummies
  8 red nagas
  2 green slimes
  4 pythons
  2 pit vipers
  4 cobras
 38 wraiths
  5 carnivorous apes
 18 ettin zombies
  6 leather golems
  4 Grey-elves
117 soldiers
  2 watchmen
 10 amorous demons
  6 horned devils
 21 chameleons
  3 crocodiles
 20 giant beetles
  9 quivering blobs
 13 cockatrices
 12 wolves
 15 winter wolf cubs
  4 lynxes
  a panther
 16 gremlins
  a spotted jelly
 39 leprechauns
  5 orc-captains
  3 iron piercers
  3 mumakil
 15 giant spiders
 12 scorpions
  9 horses
 an ice vortex
  2 baby long worms
  8 black lights
  9 vampire bats
  a forest centaur
  2 gnome rulers
 an orc mummy
  6 dwarf mummies
  3 brown puddings
 10 rust monsters
 20 owlbears
 11 yetis
  8 gold golems
  4 werewolves
  4 Green-elves
  2 piranha
  8 giant eels
  9 lizards
  a thug
  6 chickatrices
  5 dingoes
  2 dogs
  2 housecats
  7 jaguars
  5 dwarf leaders
  8 blue jellies
  4 white unicorns
  6 gray unicorns
 16 dust vortices
  5 ravens
  8 plains centaurs
 12 gnome mummies
  3 snakes
 22 apes
 20 human zombies
  2 rope golems
  4 Woodland-elves
 24 soldier ants
 15 fire ants
 10 bugbears
  a lemure
  3 quasits
  3 wood nymphs
 22 water nymphs
  8 mountain nymphs
 16 Mordor orcs
  6 Uruk-hai
  3 orc shamans
  5 rock piercers
  4 rock moles
  6 ponies
 19 fog clouds
 14 yellow lights
  5 violet fungi
 17 gnome leaders
  7 gnomish wizards
  3 kobold mummies
  a black naga hatchling
  a golden naga hatchling
  6 gray oozes
  4 barrow wights
 23 elf zombies
 18 ghouls
  4 straw golems
  a paper golem
 52 giant ants
  4 little dogs
 15 floating eyes
  3 kittens
 19 dwarves
  4 homunculi
  8 kobold leaders
  8 kobold shamans
 39 hill orcs
 21 rothes
  4 rabid rats
  3 centipedes
  9 giant bats
  5 monkeys
 24 orc zombies
 17 dwarf zombies
  5 wererats
  6 werejackals
 19 iguanas
 78 killer bees
  7 acid blobs
  6 coyotes
 13 hobbits
  a manes
  2 large kobolds
 19 hobgoblins
 10 giant rats
  6 cave spiders
  6 brown molds
  4 yellow molds
  2 red molds
 65 gnomes
 16 garter snakes
 18 gnome zombies
 12 geckos
 27 jackals
  3 foxes
  4 kobolds
  9 goblins
 13 sewer rats
 11 grid bugs
  5 bats
  7 lichens
 11 kobold zombies
 11 newts
2247 creatures vanquished.

Extinct species:
 soldiers (extinct)
1 species extinct.

Game over:
                       ----------
                      /          \
                     /    REST    \
                    /      IN      \
                   /     PEACE      \
                  /                  \
                  |      Eesui       |
                  |      510 Au      |
                  |   poisoned by    |
                  |    Demogorgon    |
                  |                  |
                  |                  |
                  |       2026       |
                 *|     *  *  *      | *
        _________)/\\_//(\/(/\)/\//\/|_)_______

Goodbye Eesui the Rogue...

You were poisoned in Gehennom on dungeon level 45 with 979199 points,
and 510 pieces of gold, after 49646 moves.
You were level 15 with a maximum of 291 hit points when you were poisoned.

